[Event "ICC Open 2015"]
[Site "Internet Chess Club"]
[Date "2015.05.30"]
[Round "6"]
[White "Agilemaster"]
[Black "Aladdin"]
[Result "1/2-1/2"]
[ICCResult "White ran out of time and Black has no material to mate"]
[WhiteElo "2039"]
[BlackElo "2379"]
[Opening "Giuoco Pianissimo: Italian four knights variation"]
[ECO "C26"]
[NIC "VG.02"]
[Time "15:03:04"]
[TimeControl "180+0"]

1. e4 e5 2. Nc3 Nf6 3. Bc4 Bc5 4. d3 Nc6 5. Nf3 h6 6. a3 d6 7. h3 Be6 8. Be3
Bb6 9. O-O Qd7 10. Bb5 a6 11. Ba4 Bxe3 12. fxe3 b5 13. Nxb5 axb5 14. Bxb5
Rb8 15. a4 O-O 16. d4 exd4 17. exd4 d5 18. Ne5 Nxe5 19. Bxd7 Nexd7 20. e5
Ne4 21. b3 c5 22. Qd3 cxd4 23. Qxd4 Rfc8 24. Rfc1 Rc3 25. a5 Ra8 26. a6 Rc7
27. Ra5 Nc3 28. Kh2 Ne2 29. Qe3 Nxc1 30. Qxc1 Nxe5 31. b4 Nc4 32. Ra4 Bd7
33. Ra1 Bb5 34. a7 Rcxa7 35. Rxa7 Rxa7 36. Qf4 Rb7 37. Qd4 Bc6 38. Qc5 Rb6
39. Qe7 f6 40. Qd8+ Kh7 41. Qc7 Kg6 42. c3 f5 43. Qg3+ Kf6 44. Qd3 g5 45.
Qd4+ Ke6 46. Qh8 f4 47. Qxh6+ Kf5 48. Qh7+ Ke5 49. Qg7+ Kd6 50. Qxg5 Kc7 51.
Qxf4+ Kb7 52. h4 Ka6 53. h5 Rb7 54. g4 Kb6 55. h6 Re7 56. g5 Re2+ 57. Kg3
Re3+ 58. Kf2 Re4 59. Qf6 Nd2 60. h7 Rg4 61. h8=Q Ne4+ 62. Ke2 Nxf6 63. Qxf6
Re4+ 64. Kd2 Kb5 65. g6 Rg4 66. g7 Rg2+ 67. Ke3 Rg3+ 68. Kf2 Rg1 69. Kxg1 d4
70. Qxd4 Ka4 71. Qc5 Bb5 72. g8=Q Ka3 73. Qa8+ Kb2 74. Qxb5 Kc2 75. c4 Kd2
76. c5 Kc3 77. c6 Kd4 78. Qc5+ Kd3 79. b5 Ke4 80. b6 Kf4 81. Qa4+ Kf3 82. c7
Ke2 83. c8=Q Ke1 84. Qcb4+ Ke2 85. Qbb3 Ke1 86. Qaa3 Kd2
{White ran out of time and Black has no material to mate}
1/2-1/2

[Event "ICC Open 2015"]
[Site "Internet Chess Club"]
[Date "2015.05.30"]
[Round "6"]
[White "RaiseTheCurve"]
[Black "A4-H5"]
[Result "1/2-1/2"]
[ICCResult "Black stalemated"]
[WhiteElo "1922"]
[BlackElo "1698"]
[Opening "Van't Kruijs opening"]
[ECO "A00"]
[Time "15:03:30"]
[TimeControl "180+0"]

1. e3 g6 2. d4 Bg7 3. f4 c5 4. c3 d6 5. Nf3 cxd4 6. exd4 Nf6 7. Bc4 O-O 8.
O-O Nc6 9. Nbd2 Bg4 10. h3 Bd7 11. Qe1 Re8 12. Qh4 Rc8 13. Bb3 Bf5 14. g4
Bd3 15. Re1 Na5 16. Re3 Nxb3 17. axb3 Bc2 18. Rxa7 Nd5 19. Re1 Nxf4 20. Rxb7
Bf6 21. g5 Nd3 22. gxf6 Nxe1 23. Nxe1 exf6 24. Nxc2 d5 25. Nf3 Qd6 26. Bf4
Qe6 27. Ne3 g5 28. Nxg5 fxg5 29. Qxg5+ Qg6 30. Qxg6+ hxg6 31. Ng4 Re4 32.
Nf6+ Kg7 33. Nxe4 dxe4 34. Be5+ Kh6 35. Bf6 g5 36. Kf2 Kg6 37. Rb6 Kf5 38.
Be5 g4 39. Rf6+ Kg5 40. hxg4 Kxg4 41. Ke3 Kg5 42. Rf4 Re8 43. Rxe4 f6 44.
Bf4+ Kf5 45. Rxe8 Kg6 46. Rf8 Kf5 47. Rxf6+ Kxf6 48. Be5+ Ke7 49. Kd3 Kd7
50. b4 Kc6 51. b5+ Kb7 52. c4 Kb6 53. b4 Kb7 54. c5 Kc8 55. Kc4 Kb7 56. d5
Ka8 57. d6 Kb7 58. Bd4 Kc8 59. c6 Kb8 60. Kc5 Ka7 61. b6+ Ka8 62. b5 Kb8 63.
c7+ Kc8 64. d7+ Kb7 65. d8=Q {Black stalemated} 1/2-1/2

[Event "ICC Open 2015"]
[Site "Internet Chess Club"]
[Date "2015.05.30"]
[Round "6"]
[White "truufseir"]
[Black "AlexSlizhevsky"]
[Result "0-1"]
[ICCResult "White forfeits on time"]
[WhiteElo "1603"]
[BlackElo "2022"]
[Opening "Sicilian: Najdorf, 6.f4"]
[ECO "B93"]
[NIC "SI.12"]
[Time "15:03:31"]
[TimeControl "180+0"]

1. e4 c5 2. Nf3 d6 3. d4 cxd4 4. Nxd4 Nf6 5. Nc3 a6 6. f4 e5 7. Nf3 Nbd7 8.
Bc4 Be7 9. f5 b5 10. Bb3 Bb7 11. Nd5 Nxe4 12. Nxe7 Qxe7 13. O-O d5 14. h3
Ndc5 15. Qe2 Nxb3 16. axb3 Ng3 17. Qxe5 Qxe5 18. Nxe5 Nxf1 19. Kxf1 f6 20.
Nd3 Kf7 21. Bf4 Rac8 22. c3 Rhe8 23. Rd1 Re4 24. g3 d4 25. Nf2 Re7 26. Rxd4
Rce8 27. Nd3 g5 28. Bd6 Re2 29. g4 Rc2 30. Bc7 Be4 31. Nc5 Bg2+ 32. Kg1 Re1+
{White forfeits on time}
0-1

[Event "ICC Open 2015"]
[Site "Internet Chess Club"]
[Date "2015.05.30"]
[Round "6"]
[White "Iandmyself"]
[Black "hAutAjArvi"]
[Result "1-0"]
[ICCResult "Black resigns"]
[WhiteElo "2505"]
[BlackElo "2081"]
[Opening "Caro-Kann: advance variation"]
[ECO "B12"]
[NIC "CK.04"]
[Time "15:04:22"]
[TimeControl "180+0"]

1. e4 c6 2. d4 d5 3. e5 Bf5 4. Bd3 Bxd3 5. Qxd3 e6 6. f4 Qa5+ 7. Nc3 Qa6 8.
Qf3 g6 9. Nge2 h5 10. g3 Nh6 11. h3 Nf5 12. Be3 c5 13. dxc5 Nc6 14. O-O-O
Qa5 15. g4 hxg4 16. hxg4 Rxh1 17. Rxh1 Nxe3 18. Qxe3 Qxc5 19. Qxc5 Bxc5 20.
Rh8+ Bf8 21. Nb5 O-O-O 22. Nbd4 Nxd4 23. Nxd4 Bc5 24. Rxd8+ Kxd8 25. Ne2 Ke7
26. Kd2 f6 27. exf6+ Kxf6 28. Kd3 g5 29. c4 dxc4+ 30. Kxc4 Be3 31. fxg5+
Kxg5 32. Kd3 Bb6 33. Nd4 e5 34. Ne6+ Kf6 35. Nf8 Kg5 36. Ke4 Bd4 37. Ne6+
Kxg4 38. Nxd4 exd4 39. Kxd4 Kf5 40. Kd5 Kf4 41. Kd6 Ke3 42. Kc7 Kd3 43. Kxb7
Kc2 44. Kxa7 Kxb2 45. a4 Kb3 46. a5 Kb4 47. a6 Kb5 48. Kb7 Kc5 49. a7 Kd6
50. a8=Q Ke5 51. Qd8 Ke6 52. Kc6 {Black resigns} 1-0

[Event "ICC Open 2015"]
[Site "Internet Chess Club"]
[Date "2015.05.30"]
[Round "6"]
[White "raanan"]
[Black "wagnerbi"]
[Result "0-1"]
[ICCResult "White checkmated"]
[WhiteElo "1288"]
[BlackElo "1913"]
[Opening "Sicilian defense"]
[ECO "B30"]
[NIC "SI.31"]
[Time "15:03:54"]
[TimeControl "180+0"]

1. e4 c5 2. Nf3 Nc6 3. Bc4 e6 4. d4 cxd4 5. Nxd4 Nf6 6. Nc3 Qb6 7. Ndb5 Ne5
8. Be2 a6 9. Na3 Bb4 10. O-O Bxc3 11. bxc3 Nxe4 12. Be3 Qa5 13. Nc4 Nxc4 14.
Bxc4 Qxc3 15. Bd3 Nf6 16. Qf3 Qc6 17. Qg3 Rg8 18. Bg5 Ne4 19. Bxe4 Qxe4 20.
Qc7 f6 21. Be3 b5 22. Bb6 Bb7 23. Qd6 Qxg2# {White checkmated} 0-1

[Event "ICC Open 2015"]
[Site "Internet Chess Club"]
[Date "2015.05.30"]
[Round "6"]
[White "Parsifal"]
[Black "VrloJakMK"]
[Result "1-0"]
[ICCResult "Black resigns"]
[WhiteElo "2423"]
[BlackElo "2253"]
[Opening "Trompowsky attack (Ruth, Opocenský opening)"]
[ECO "A45"]
[NIC "QP.07"]
[Time "15:04:20"]
[TimeControl "180+0"]

1. d4 Nf6 2. Bg5 Ne4 3. Bf4 c5 4. f3 Qa5+ 5. c3 Nf6 6. Nd2 d5 7. Nb3 Qd8 8.
Nxc5 Nc6 9. Nd3 Bf5 10. e3 h6 11. Qb3 Qc8 12. g4 Bd7 13. Ne2 e6 14. h4 Ng8
15. Ng3 Nge7 16. h5 Ng8 17. Ne5 Nxe5 18. Bxe5 Ne7 19. Bd3 Nc6 20. Bf4 Be7
21. Qc2 b6 22. O-O Na5 23. e4 Bc6 24. Rae1 Qb7 25. exd5 Bxd5 26. Qe2 Rc8 27.
Bb5+ Kf8 28. Ba6 Qd7 29. Bxc8 Qxc8 30. b3 Qxc3 31. Rc1 Qxd4+ 32. Be3 Qf6 33.
Rc8+ Bd8 34. Ne4 Qe7 35. Bf4 Nb7 36. Rd1 Kg8 37. Nc3 Qc5+ 38. Rxc5 Nxc5 39.
Nxd5 {Black resigns} 1-0

[Event "ICC Open 2015"]
[Site "Internet Chess Club"]
[Date "2015.05.30"]
[Round "6"]
[White "Kastor"]
[Black "MaestroASK"]
[Result "1-0"]
[ICCResult "Black resigns"]
[WhiteElo "2906"]
[BlackElo "2611"]
[Opening "King's pawn opening"]
[ECO "B07"]
[NIC "VO.17"]
[Time "15:04:09"]
[TimeControl "180+0"]

1. e4 d6 2. d4 g6 3. Nc3 c6 4. Be3 e5 5. Qd2 Nd7 6. f3 Bh6 7. O-O-O Bxe3 8.
Qxe3 Kf8 9. h4 h5 10. Kb1 Kg7 11. Nge2 Qe7 12. g3 Nh6 13. Bh3 Nb6 14. Bxc8
Raxc8 15. b3 f6 16. Rhg1 Nf7 17. g4 hxg4 18. Rxg4 Rh6 19. Rdg1 Qe6 20. f4
Qd7 21. f5 g5 22. hxg5 Nxg5 23. Rxg5+ fxg5 24. Qxg5+ Kh7 25. f6 Qf7 26. dxe5
dxe5 27. Qf5+ Kh8 28. Rf1 Re8 29. Qg5 Qg6 30. f7 Rf8 31. Qxe5+ Qg7 32. Qc7
Nc8 33. e5 Re6 34. Nf4 Rh6 35. Nd3 b6 36. Ne4 Qg6 37. Rf4 Qg1+ 38. Kb2 Rh1
39. e6 Qd4+ 40. Nc3 Qg7 41. e7 Nxe7 42. Qxe7 Rh7 43. Ne5 Rh6 44. Rg4
{Black resigns}
1-0

[Event "ICC Open 2015"]
[Site "Internet Chess Club"]
[Date "2015.05.30"]
[Round "6"]
[White "kl5555"]
[Black "ShadowLike"]
[Result "0-1"]
[ICCResult "White forfeits on time"]
[WhiteElo "1752"]
[BlackElo "2237"]
[Opening "Queen's pawn game"]
[ECO "A46"]
[NIC "QP.06"]
[Time "15:04:21"]
[TimeControl "180+0"]

1. d4 Nf6 2. Nf3 d6 3. e4 Nxe4 4. Bd3 Nf6 5. O-O e6 6. c4 Be7 7. Nc3 c6 8.
Bf4 d5 9. cxd5 Nxd5 10. Nxd5 Qxd5 11. Qc2 Nd7 12. a3 Nf6 13. Rad1 O-O 14.
Ne5 Qd8 15. b4 Bd7 16. Qe2 a5 17. bxa5 Rxa5 18. h3 Rxa3 19. Rb1 Nd5 20. Nc4
Rxd3 21. Qxd3 Nxf4 22. Qg3 Qc7 23. Rfe1 Bf6 24. Re4 Ng6 {White forfeits on
time} 0-1

[Event "ICC Open 2015"]
[Site "Internet Chess Club"]
[Date "2015.05.30"]
[Round "6"]
[White "f8"]
[Black "sceptic"]
[Result "1-0"]
[ICCResult "Black forfeits on time"]
[WhiteElo "1407"]
[BlackElo "1559"]
[Opening "Caro-Kann: Bronstein-Larsen variation"]
[ECO "B16"]
[NIC "CK.07"]
[Time "15:04:17"]
[TimeControl "180+0"]

1. e4 c6 2. d4 d5 3. Nc3 dxe4 4. Nxe4 Nf6 5. Nxf6+ gxf6 6. g3 Bf5 7. Bg2 e6
8. Nf3 Bd6 9. Be3 Nd7 10. c3 Nb6 11. Qe2 Qc7 12. Nh4 Bg6 13. Nxg6 hxg6 14.
h4 O-O-O 15. O-O-O f5 16. Bg5 Rd7 17. Rhe1 f4 18. Bf6 Re8 19. g4 Nd5 20. Be5
Qa5 21. Kb1 Qb6 22. Qd2 Bxe5 23. Rxe5 f6 24. Re2 e5 25. Bxd5 Rxd5 26. Qc2
Rg8 27. dxe5 fxe5 28. Rxd5 cxd5 29. Rxe5 Qf6 30. Rxd5 Qxh4 31. f3
{Black forfeits on time}
1-0

[Event "ICC Open 2015"]
[Site "Internet Chess Club"]
[Date "2015.05.30"]
[Round "6"]
[White "holderlin"]
[Black "grancaruso"]
[Result "1-0"]
[ICCResult "Black forfeits on time"]
[WhiteElo "1680"]
[BlackElo "1834"]
[Opening "Sicilian: O'Kelly variation"]
[ECO "B28"]
[NIC "SI.43"]
[Time "15:03:35"]
[TimeControl "180+0"]

1. e4 c5 2. Nf3 a6 3. d4 cxd4 4. Nxd4 Nf6 5. Ne2 Nxe4 6. Be3 Nc6 7. g3 g6 8.
Bg2 Nf6 9. Nbc3 Bg7 10. h4 Qa5 11. Nf4 d6 12. Bd2 Qd8 13. h5 Bg4 14. Bf3 Qd7
15. h6 Bf8 16. Ncd5 Nxd5 17. Nxd5 Bxf3 18. Qxf3 Ne5 19. Qb3 Qc6 20. O-O-O
O-O-O 21. Ba5 Re8 22. Nb6+ Kb8 23. f4 Nd7 24. Nd5 e6 25. Nc7 Rc8 26. Nxe6
fxe6 27. Rd2 Be7 28. Bc3 Bf6 29. Bxf6 Nxf6 30. c3 Nd5 31. Qa3 Rhd8 32. Rhd1
b5 33. b3 Nxc3 34. Rc2 Nxa2+ 35. Qxa2 Qxc2+ 36. Qxc2 Rxc2+ 37. Kxc2 Kc7 38.
Kb2 Kc6 39. Rc1+ Kd5 40. Rf1 Rd7 41. f5 exf5 42. Rd1+ Ke5 43. Re1+ Kf6 44.
Rc1 d5 45. Rc6+ Kg5 46. Rc8 Kxh6 47. Rf8 Kg5 48. Rf6 h5 49. Rd6 Kg4 50. Ka3
g5 51. Rxd5 f4 52. Rxd7 fxg3 53. Rd6 {Black forfeits on time} 1-0

[Event "ICC Open 2015"]
[Site "Internet Chess Club"]
[Date "2015.05.30"]
[Round "6"]
[White "TasteOflover"]
[Black "burbur"]
[Result "1/2-1/2"]
[ICCResult "Game drawn by repetition"]
[WhiteElo "2782"]
[BlackElo "2573"]
[Opening "QGD Slav: 3.Nf3"]
[ECO "D11"]
[NIC "QO.17"]
[Time "15:03:41"]
[TimeControl "180+0"]

1. d4 c6 2. Nf3 d5 3. c4 Nf6 4. Qc2 g6 5. g3 Bg7 6. Bg2 O-O 7. O-O Bf5 8.
Qb3 Qb6 9. Nc3 Nbd7 10. c5 Qa6 11. Qd1 b6 12. b4 Ne4 13. Nxe4 Bxe4 14. Bg5
Rfe8 15. Qd2 bxc5 16. bxc5 Rab8 17. Bf4 Rb7 18. Rfc1 Bxf3 19. Bxf3 e5 20.
dxe5 Nxe5 21. Bxe5 Bxe5 22. Rab1 Reb8 23. Qc2 Rb2 24. Qd1 R8b7 25. Rxb2 Rxb2
26. a4 Rb4 27. Rb1 Qxa4 28. Qxa4 Rxa4 29. Rb7 Bd4 30. Rc7 Ra6 31. e3 Bxc5
32. Bxd5 cxd5 33. Rxc5 Rd6 34. Rc7 a6 35. Ra7 Kg7 36. Kf1 Kf6 37. Ke2 Rb6
38. g4 h6 39. h4 Ke6 40. f4 h5 41. f5+ Kf6 42. fxg6 fxg6 43. gxh5 gxh5 44.
Rd7 Ke5 45. Rh7 Ke4 46. Re7+ Kf5 47. Kf3 Rf6 48. Re8 a5 49. Ra8 Ke5+ 50. Ke2
Rg6 51. Rxa5 Rg4 52. Ra8 Rxh4 53. Re8+ Kf6 54. Rf8+ Ke7 55. Rh8 Kf6 56. Rf8+
Ke7 57. Rh8 Kf6 58. Rf8+ {Game drawn by repetition} 1/2-1/2

[Event "ICC Open 2015"]
[Site "Internet Chess Club"]
[Date "2015.05.30"]
[Round "6"]
[White "gauss"]
[Black "DeepHmmm"]
[Result "1-0"]
[ICCResult "Black forfeits on time"]
[WhiteElo "2037"]
[BlackElo "1749"]
[Opening "QGD: Tarrasch, Réti variation"]
[ECO "D34"]
[NIC "TD.04"]
[Time "15:04:00"]
[TimeControl "180+0"]

1. d4 d5 2. c4 e6 3. Nc3 c5 4. cxd5 exd5 5. Nf3 Nc6 6. g3 Nf6 7. Bg2 Be7 8.
O-O O-O 9. dxc5 Bxc5 10. Na4 Be7 11. Be3 b6 12. Rc1 Bb7 13. Nd4 Ne5 14. h3
Qd7 15. Qb3 Nc4 16. Bg5 h6 17. Bxf6 Bxf6 18. Rfd1 Rac8 19. Nc3 Rfe8 20. e3
a6 21. g4 b5 22. Nf5 g6 23. Nxd5 Bxd5 24. Rxd5 Qa7 25. Ng3 Nxb2 26. Rxc8
Rxc8 27. Ne4 Bg7 28. Rd6 Nc4 29. Qd3 Nxd6 30. Nxd6 Rd8 31. e4 Qd7 32. e5
Bxe5 33. Qf3 Qxd6 34. Bf1 Qd1 35. Kg2 Bg7 36. Qxd1 Rxd1 37. Be2 Rd2 38. Bf3
Rxa2 39. Kg3 Rb2 40. Be4 b4 41. Bf3 a5 42. Be4 a4 43. Bf3 a3 44. Be4 a2 45.
Bd5 {Black forfeits on time} 1-0

[Event "ICC Open 2015"]
[Site "Internet Chess Club"]
[Date "2015.05.30"]
[Round "6"]
[White "BigSerge"]
[Black "ShcherbinMatvei"]
[Result "0-1"]
[ICCResult "White resigns"]
[WhiteElo "2022"]
[BlackElo "2736"]
[Opening "Sicilian: Smith-Morra gambit"]
[ECO "B21"]
[NIC "SI.48"]
[Time "15:04:09"]
[TimeControl "180+0"]

1. e4 c5 2. d4 cxd4 3. c3 dxc3 4. Nxc3 e6 5. Nf3 Nc6 6. Bc4 Qc7 7. Qe2 Nf6
8. e5 Ng4 9. Bf4 Bb4 10. Bg3 Bxc3+ 11. bxc3 Na5 12. Nd2 Nh6 13. O-O Nf5 14.
Bd3 Nxg3 15. hxg3 O-O 16. Ne4 Qxe5 17. f4 Qd5 18. Rad1 f5 19. Ng5 Qc5+ 20.
Kh1 h6 21. Nf3 Qxc3 22. Ne5 Nc6 23. Rc1 Qa3 24. Nc4 Qe7 25. Rfe1 d5 26. Ne3
Qf6 27. Bb5 Bd7 28. Nc2 Rac8 29. Rcd1 Rfe8 30. Bxc6 bxc6 31. Nd4 c5 32. Nf3
c4 33. Ne5 Bb5 34. Rb1 a6 35. Qc2 c3 36. a4 Bc6 37. Rb6 Ba8 38. Reb1 d4 39.
Rxa6 Be4 40. Nd3 Qe7 41. Rbb6 Bxd3 42. Qxd3 c2 43. Rc6 c1=Q+ {White resigns}
0-1

[Event "ICC Open 2015"]
[Site "Internet Chess Club"]
[Date "2015.05.30"]
[Round "6"]
[White "VoltesV"]
[Black "Piranha"]
[Result "0-1"]
[ICCResult "White checkmated"]
[WhiteElo "1571"]
[BlackElo "1736"]
[Opening "Dutch"]
[ECO "A80"]
[NIC "HD.12"]
[Time "15:04:00"]
[TimeControl "180+0"]

1. d4 f5 2. Nf3 Nf6 3. c4 g6 4. Nc3 Bg7 5. b3 d6 6. Bb2 O-O 7. e3 Nc6 8. a3
e5 9. d5 Ne7 10. Qc1 h6 11. Be2 c5 12. h3 g5 13. Qc2 e4 14. Nh2 Ng6 15.
O-O-O Bd7 16. Rdg1 Qe7 17. Kb1 a6 18. Qd1 Rab8 19. Bh5 Ne5 20. Be2 b5 21.
cxb5 axb5 22. f4 exf3 23. gxf3 c4 24. f4 gxf4 25. exf4 Nd3 26. Bxd3 cxd3 27.
Qxd3 b4 28. axb4 Rxb4 29. Na4 Kh8 30. Rg2 Rg8 31. Rhg1 Re4 32. Nb6 Be8 33.
Nc4 Re1+ 34. Rxe1 Qxe1+ 35. Ka2 Qe7 36. Ba3 Ne4 37. Re2 Qa7 38. Rxe4 fxe4
39. Qxe4 Qf7 40. Nxd6 Qf6 41. Nxe8 Qa1# {White checkmated} 0-1

[Event "ICC Open 2015"]
[Site "Internet Chess Club"]
[Date "2015.05.30"]
[Round "6"]
[White "paulleon"]
[Black "saya"]
[Result "0-1"]
[ICCResult "White checkmated"]
[WhiteElo "2047"]
[BlackElo "2554"]
[Opening "QGD: Cambridge Springs defense, Rubinstein variation"]
[ECO "D52"]
[NIC "QO.15"]
[Time "15:04:12"]
[TimeControl "180+0"]

1. d4 e6 2. c4 Nf6 3. Nc3 d5 4. Nf3 c6 5. Bg5 Nbd7 6. e3 Qa5 7. Nd2 dxc4 8.
Bxf6 Nxf6 9. Bxc4 Be7 10. O-O O-O 11. Qc2 a6 12. Bd3 b5 13. Nce4 h6 14. Qxc6
Rb8 15. Nxf6+ Bxf6 16. Qe4 Rd8 17. Nb3 Qb6 18. Nc5 g6 19. Rac1 Kg7 20. Qg4
e5 21. Qf3 exd4 22. exd4 Rxd4 23. Ne4 Bb7 24. Rfe1 Rbd8 25. Qxf6+ Qxf6 26.
Nxf6 Rxd3 27. Ne8+ Kf8 28. Nf6 Kg7 29. Ng4 Rd2 30. Rc7 Bd5 31. Ne5 Bxa2 32.
h4 Rd1 33. Rxd1 Rxd1+ 34. Kh2 Rd2 35. Ra7 Rxf2 36. Rxa6 Bd5 37. Kg3 Rxg2+
38. Kf4 Rxb2 39. Ra7 Be6 40. Nc6 Kf6 41. Nd4 Rb4 42. Ke3 Rb1 43. Rb7 b4 44.
Rb6 b3 45. Ne2 b2 46. Kd2 Rh1 47. Rxb2 Rxh4 48. Rb6 Rh2 49. Ke3 g5 50. Nc3
Rh3+ 51. Kd4 Kf5 52. Rb5+ Kg6 53. Ne4 Rh4 54. Ke3 f5 55. Nf2 Rf4 56. Rb6 Kf6
57. Nd3 Re4+ 58. Kf2 f4 59. Nc5 Re3 60. Nd7+ Kf5 61. Nc5 g4 62. Rb5 g3+ 63.
Kg2 Re2+ 64. Kf1 Rf2+ 65. Kg1 Bc4 66. Ra5 Kg4 67. Ne4 Rf1+ 68. Kg2 f3#
{White checkmated}
0-1

[Event "ICC Open 2015"]
[Site "Internet Chess Club"]
[Date "2015.05.30"]
[Round "6"]
[White "saira"]
[Black "Wahman"]
[Result "1/2-1/2"]
[ICCResult "Game drawn because neither player has mating material"]
[WhiteElo "1796"]
[BlackElo "2176"]
[Opening "Sicilian defense"]
[ECO "B20"]
[NIC "SI.48"]
[Time "15:03:49"]
[TimeControl "180+0"]

1. e4 c5 2. c4 Nc6 3. d3 g6 4. Bg5 Bg7 5. Nc3 h6 6. Bh4 d6 7. Be2 Nf6 8. f4
O-O 9. Nf3 Qb6 10. Qd2 Nd4 11. Nxd4 cxd4 12. Nd1 Re8 13. O-O Ng4 14. h3 Ne3
15. Rf3 Nxd1 16. Rxd1 f6 17. Bf2 f5 18. b3 e5 19. exf5 Bxf5 20. g4 Bd7 21.
f5 Bc6 22. Rg3 g5 23. Bf3 Bf6 24. Bxc6 Qxc6 25. Rg2 d5 26. h4 dxc4 27. bxc4
Rad8 28. hxg5 Bxg5 29. Qe2 e4 30. dxe4 Qxe4 31. Qxe4 Rxe4 32. Kf1 b6 33. a4
d3 34. Rg3 d2 35. a5 bxa5 36. Bxa7 Rxc4 37. Be3 Rc1 38. Ke2 Re8 39. Rxd2 Rc3
40. Rd3 Rxd3 41. Kxd3 Bxe3 42. Rxe3 Rxe3+ 43. Kxe3 Kf7 44. Kd3 Kf6 45. Kc4
Kg5 46. Kb5 Kf6 47. Kxa5 Kg5 48. Kb4 Kf6 49. Kc4 h5 50. Kd4 hxg4 51. Ke4 Kg5
52. f6 g3 53. Kf3 g2 54. Kxg2 Kxf6
{Game drawn because neither player has mating material}
1/2-1/2

[Event "ICC Open 2015"]
[Site "Internet Chess Club"]
[Date "2015.05.30"]
[Round "6"]
[White "Red-white"]
[Black "JW"]
[Result "0-1"]
[ICCResult "White resigns"]
[WhiteElo "3101"]
[BlackElo "2612"]
[Opening "English: Neo-Catalan declined"]
[ECO "E06"]
[NIC "CA.05"]
[Time "15:04:31"]
[TimeControl "180+0"]

1. Nf3 d5 2. g3 Nf6 3. Bg2 e6 4. O-O Be7 5. c4 O-O 6. d4 dxc4 7. Qc2 b5 8.
a4 b4 9. Nbd2 Bb7 10. Nxc4 Be4 11. Qb3 Qd5 12. Bf4 Nc6 13. Rfd1 Rac8 14.
Rac1 Rfd8 15. Qe3 Ng4 16. Qd2 h6 17. Qe1 f5 18. Ncd2 g5 19. Nxe4 fxe4 20.
Ne5 Ncxe5 21. Bxe5 Nxe5 22. dxe5 Qxe5 23. Rxd8+ Rxd8 24. e3 Qxb2 25. Rxc7
Kf8 26. Bxe4 Qe5 27. Rc4 b3 28. Qe2 Kg7 29. Kg2 b2 30. Qh5 Qxe4+ 31. Rxe4
b1=Q 32. Rxe6 Bf6 33. Qf3 Rf8 34. Qc6 Rf7 35. a5 Qd3 36. a6 Bc3 37. Rd6 Qc2
38. Kh3 Qf5+ 39. g4 Qf3+ 40. Qxf3 Rxf3+ 41. Kg2 Rf7 42. Rc6 Be1 43. f3 Ba5
44. h4 gxh4 45. f4 Re7 46. Kf3 Bd2 47. e4 h3 48. f5 Rd7 49. Rg6+ Kh7 50. e5
h2 {White resigns} 0-1

[Event "ICC Open 2015"]
[Site "Internet Chess Club"]
[Date "2015.05.30"]
[Round "6"]
[White "Ricotero"]
[Black "Nos"]
[Result "0-1"]
[ICCResult "White forfeits on time"]
[WhiteElo "2047"]
[BlackElo "2378"]
[Opening "French: Winawer (Nimzovich) variation"]
[ECO "C15"]
[NIC "FR.08"]
[Time "15:03:39"]
[TimeControl "180+0"]

1. e4 e6 2. d4 d5 3. Nc3 Bb4 4. a3 Bxc3+ 5. bxc3 dxe4 6. f3 exf3 7. Nxf3 Nf6
8. Bg5 Nbd7 9. Be2 h6 10. Bxf6 Qxf6 11. O-O Qe7 12. Qe1 O-O 13. g4 b6 14.
Bd3 Bb7 15. Qg3 Qd6 16. Qh4 e5 17. g5 Rae8 18. Rae1 Bxf3 19. Rxf3 exd4 20.
Rxe8 Rxe8 21. cxd4 Qd5 22. Rf5 Qe6 23. gxh6 Qxh6 24. Qxh6 gxh6 25. Bb5 Re7
26. Rf3 Nf8 27. Rg3+ Ng6 28. Bc4 Kf8 29. Rf3 Ke8 30. Rf6 h5 31. Kf2 Nf8 32.
Bb5+ Kd8 33. Rf5 Ne6 34. Rd5+ Kc8 35. Ba6+ Kb8 36. Rxh5 c6 37. c3 Kc7 38.
Bc4 Nf4 39. Re5 Rd7 40. Re4 Nd5 41. Bxd5 cxd5 42. Re3 Kc6 43. Kg3 Kb5 44. h4
Ka4 45. h5 Kxa3 {White forfeits on time} 0-1

[Event "ICC Open 2015"]
[Site "Internet Chess Club"]
[Date "2015.05.30"]
[Round "6"]
[White "triumphant1"]
[Black "Pantani"]
[Result "0-1"]
[ICCResult "White checkmated"]
[WhiteElo "2142"]
[BlackElo "2988"]
[Opening "Queen's pawn game"]
[ECO "D02"]
[NIC "QP.08"]
[Time "15:03:59"]
[TimeControl "180+0"]

1. d4 d5 2. Nf3 c6 3. Bf4 Nf6 4. c3 Bg4 5. e3 Nbd7 6. Nbd2 e6 7. Bd3 Be7 8.
h3 Bh5 9. Qb3 Qb6 10. Qxb6 axb6 11. a3 b5 12. g4 Bg6 13. Ke2 Nb6 14. Ne5
Nfd7 15. Ndf3 Bxd3+ 16. Kxd3 f6 17. Nxd7 Kxd7 18. Nd2 h5 19. f3 Nc4 20. Nxc4
bxc4+ 21. Kc2 Rh7 22. Rh2 Rah8 23. Rah1 g5 24. Bg3 b5 25. Kd2 c5 26. Ke2
cxd4 27. exd4 Bd6 28. Bxd6 Kxd6 29. Ke3 Ke7 30. Kf2 hxg4 31. fxg4 f5 32. Kg3
Kf6 33. Re1 Rh4 34. Rf1 Kg6 35. Re1 Kf6 36. Rf1 R8h6 37. Rhh1 Kg6 38. Re1
Kf6 39. Ref1 f4+ 40. Kg2 e5 41. dxe5+ Kxe5 42. Re1+ Kd6 43. Re8 Kc5 44. Rc8+
Rc6 45. Rg8 Re6 46. Rc8+ Kd6 47. Rd8+ Kc6 48. Rc8+ Kd7 49. Rc5 Re2+ 50. Kf3
Re3+ 51. Kg2 Rg3+ 52. Kf2 Kd6 53. Rxb5 Rhxh3 54. Rxh3 Rxh3 55. Rb6+ Ke5 56.
Rg6 Ke4 57. Rxg5 Rh2+ 58. Kg1 Rxb2 59. Rg8 Kf3 60. Re8 Kxg4 61. Re5 Kg3 62.
Rg5+ Kf3 63. Rxd5 Rb1+ 64. Kh2 Rb3 65. Rd4 Rxc3 66. a4 Rc2+ 67. Kg1 Rc1+ 68.
Kh2 c3 69. a5 Ke3 70. Rc4 f3 71. a6 f2 72. Kg2 f1=Q+ 73. Kg3 Qxc4 74. a7
Rg1+ 75. Kh2 Qg4 76. a8=Q Qg3# {White checkmated} 0-1

[Event "ICC Open 2015"]
[Site "Internet Chess Club"]
[Date "2015.05.30"]
[Round "6"]
[White "ural"]
[Black "totus"]
[Result "0-1"]
[ICCResult "White forfeits on time"]
[WhiteElo "2373"]
[BlackElo "2334"]
[Opening "Pirc defense"]
[ECO "B07"]
[NIC "PU.07"]
[Time "15:03:35"]
[TimeControl "180+0"]

1. e4 d6 2. d4 Nf6 3. Nc3 g6 4. h4 h5 5. Nf3 Bg7 6. Ng5 c6 7. Bc4 e6 8. Bb3
b5 9. a4 b4 10. Ne2 a5 11. Nf4 d5 12. Qf3 dxe4 13. Nxe4 Nxe4 14. Qxe4 Qf6
15. Be3 O-O 16. Nd3 Nd7 17. Rh3 Qf5 18. Qxf5 exf5 19. O-O-O Nf6 20. Bf4 Nd5
21. Be5 Be6 22. Bxg7 Kxg7 23. Nc5 Rfe8 24. Rhh1 Nf4 25. g3 Bxb3 26. Nxb3 Nd5
27. Rhe1 Re4 28. f3 Rxe1 29. Rxe1 Kf8 30. Kd2 f4 31. gxf4 Nxf4 32. Nc5 Nd5
33. c4 bxc3+ 34. bxc3 Nb6 35. Kd3 Nd5 36. c4 Nf4+ 37. Kc3 Ng2 38. Rb1 Nxh4
39. f4 Nf5 40. Ne4 Kg7 41. Ng5 Ra7 42. Rb6 Re7 43. Rxc6 Re3+ 44. Kd2 Ra3 45.
Rc7 Nxd4 46. Rxf7+ Kg8 47. c5 Rxa4 48. Kd3 Nf5 49. Ra7 Rxf4 50. c6 Rg4 51.
c7 Nd6 52. Ne4 Rxe4 53. Ra6 Rc4 54. Rxd6 Rxc7 55. Rxg6+ Kh7 56. Rg5 Kh6 57.
Rxa5 h4 58. Ke3 Rf7 59. Ra8 Kg5 60. Rh8 Kg4 61. Rg8+ Kh3 62. Rg6 Kh2 63. Ke2
h3 64. Rg5 Kh1 65. Ke1 h2 66. Rg4 Ra7 67. Rg5 Ra1+ 68. Kf2 Ra2+ 69. Kf3 Ra3+
{White forfeits on time}
0-1

[Event "ICC Open 2015"]
[Site "Internet Chess Club"]
[Date "2015.05.30"]
[Round "6"]
[White "WhiteHorse"]
[Black "eddington"]
[Result "1-0"]
[ICCResult "Black forfeits on time"]
[WhiteElo "2020"]
[BlackElo "2159"]
[Opening "English: Neo-Catalan declined"]
[ECO "A14"]
[NIC "RE.09"]
[Time "15:04:12"]
[TimeControl "180+0"]

1. c4 e6 2. g3 d5 3. Bg2 Nf6 4. Nf3 Be7 5. O-O O-O 6. b3 c5 7. Bb2 Nc6 8. d3
b6 9. Nbd2 d4 10. a3 e5 11. Ne1 Bb7 12. Nc2 Rb8 13. Rb1 Ne8 14. Nf3 f5 15.
Qd2 Nd6 16. e3 e4 17. Nfe1 Bg5 18. b4 Ne5 19. bxc5 bxc5 20. Nxd4 cxd4 21.
Bxd4 Nxd3 22. c5 Nc4 23. Qa2 Nxe1 24. Rxb7 Rxb7 25. Qxc4+ Kh8 26. Rxe1 Qa5
27. Rd1 Qb5 28. Qd5 Rd7 29. Qe6 Rdd8 30. c6 Bf6 31. Bf1 Qb8 32. Qc4 Bxd4 33.
c7 Qb6 34. cxd8=Q Rxd8 35. Rxd4 Rxd4 36. Qxd4 Qxd4 37. exd4 Kg8 38. Bc4+ Kf8
39. Be6 Ke7 40. Bxf5 e3 41. fxe3 Kd6 42. Bxh7 g6 43. Bxg6 a5 44. Bd3 a4 45.
e4 Ke6 46. Kf2 Kd6 47. Ke3 Ke6 48. h4 Kd6 49. g4 Ke7 50. h5 Kd7 51. g5 Ke7
52. h6 Kd7 53. e5 Kc7 54. Be4 {Black forfeits on time} 1-0